 Dungeon Crawl Stone Soup version 0.21.1-1-g345015f (webtiles) character file.

41 Labyrinth the Insei (level 3, -4/26 HPs)
             Began as a Merfolk Transmuter on July 21, 2018.
             Killed from afar by a dart slug (8 damage)
             ... with a slug dart
             ... on level 1 of the Dungeon.
             The game lasted 00:05:11 (650 turns).

Labyrinth the Insei (Merfolk Transmuter)             Turns: 650, Time: 00:05:12

Health: -4/26      AC:  2    Str: 10    XL:     3   Next: 52%
Magic:  6/6        EV: 13    Int: 13    God:
Gold:   15         SH:  0    Dex: 14    Spells: 0/6 levels left

rFire    . . .     SeeInvis .   h - +0 spear
rCold    . . .     Gourm    .   (no shield)
rNeg     . . .     Faith    .   b - +0 robe
rPois    .         Spirit   .   (no helmet)
rElec    .         Reflect  .   (no cloak)
rCorr    .         Harm     .   (no gloves)
MR       .....                  (no boots)
Stlth    +.........             (no amulet)
HPRegen  0.08/turn              (no ring)
MPRegen  0.10/turn              (no ring)

@: no status effects
A: change form in water, swift swim, stealthy swim
a: no special abilities


You were on level 1 of the Dungeon.
You were not hungry.

You visited 1 branch of the dungeon, and saw 1 of its levels.

You collected 15 gold pieces.

Inventory:

Hand Weapons
 h - a +0 spear (weapon)
 j - a +0 club
 k - a cursed +0 dagger
 l - a cursed -3 short sword
Missiles
 a - 11 arrows
 e - 48 stones (quivered)
 g - 18 bolts
Armour
 b - a +0 robe (worn)
 m - a +0 ring mail
Jewellery
 n - an uncursed ring of protection from fire {unknown}
Scrolls
 o - a scroll of magic mapping {unknown}
Books
 c - a book of Changes

   Spells                             Type                      Level
   a - Beastly Appendage              Transmutation                1
   b - Sticks to Snakes               Transmutation                2
   c - Spider Form                    Transmutation/Poison         3
   d - Ice Form                       Ice/Transmutation            4
   e - Blade Hands                    Transmutation                5
Comestibles
 d - 2 rations
 f - 12 chunks of flesh


   Skills:
 + Level 1.4 Fighting
 + Level 1.0 Polearms
 + Level 2.9 Dodging
 + Level 0.4 Stealth
 + Level 3.8 Unarmed Combat
 + Level 2.3 Spellcasting
 + Level 3.4 Transmutations


You couldn't memorise any spells.
You knew the following spells:

 Your Spells              Type           Power        Failure   Level  Hunger
a - Beastly Appendage     Tmut           ##....       6%          1    #......
b - Sticks to Snakes      Tmut           ##......     9%          2    ###....
c - Spider Form           Tmut/Pois      #.........   36%         3    ###....


Dungeon Overview and Level Annotations

Branches:
Dungeon (1/15)

Altars:


Message History

The dart slug is heavily wounded.
The dart slug bites you.
You hit the dart slug.
The dart slug is severely wounded.
The dart slug launches a dart at you. The slug dart misses you.
You hit the dart slug.
The dart slug is severely wounded.
You hit the dart slug but do no damage.
The dart slug is severely wounded.
The dart slug launches a dart at you. The slug dart hits you!
* * * LOW HITPOINT WARNING * * *
Some of the chunks of flesh in your inventory have rotted away.
As you read the scroll labeled FECRAE BUERU, it crumbles to dust.
You hear the chiming of a distant gong.
It was a scroll of random uselessness.
The dart slug launches a dart at you. The slug dart hits you!
You die...

#.# .....# ##.#
#.# .....#### #.#
#.#####+#
#........ ...
#..)....#
#........ ..
#####.###
#........ #.#
##........
#.######.........
#..#.).).........
##.w@####........
#..## ##..#####
#... ..# #...#
..# #..## ..#
##.# ..# #.# ..#
#.#


You could see a dart slug.

Vanquished Creatures
  A gnoll (D:1)
  2 bats (D:1)
  3 giant cockroaches (D:1)
  4 goblins (D:1)
  5 hobgoblins (D:1)
  A frilled lizard (D:1)
  5 kobolds (D:1)
  8 rats (D:1)
29 creatures vanquished.

Vanquished Creatures (collateral kills)
  A kobold (D:1)
1 creature vanquished.

Grand Total: 30 creatures vanquished

Notes
Turn   | Place    | Note
-------+----------+-------------------------------------------
     0 | D:1      | Labyrinth the Merfolk Transmuter began the quest for the Orb.
     0 | D:1      | Reached XP level 1. HP: 15/15 MP: 3/3
   154 | D:1      | Reached XP level 2. HP: 21/21 MP: 3/5
   161 | D:1      | Learned a level 2 spell: Sticks to Snakes
   379 | D:1      | Reached XP level 3. HP: 26/26 MP: 6/6
   384 | D:1      | Learned a level 3 spell: Spider Form
   619 | D:1      | Reached skill level 1 in Polearms
   650 | D:1      | Killed from afar by a dart slug

Skill      XL: |  1  2  3 |
---------------+----------+-----
Transmutations | 3 |  3.4
Polearms       | 1 |  1.0
Fighting       | |  1.4
Dodging        | |  2.9
Stealth        | |  0.4
Unarmed Combat | |  3.8
Spellcasting   | |  2.3

Action                   || total
-------------------------++-------
Melee: Unarmed           ||    15
       Headbutt          ||    13
       Spear             ||    86
       Punch             ||     1
 Cast: Beastly Appendage ||     9
       Sticks to Snakes  ||     1
  Use: Scroll            ||     1
 Stab: Sleeping          ||     2
Armor: Robe              ||    12
Dodge: Dodged            ||    56
